 Seeded DCSS version 0.30.0-19-g36f170ea60 (webtiles) character file.

Game seed: 3473563143988971028 (custom seed)

31880 CInkIbrahim the Severer (level 13, -3/76 HPs)
             Began as a Gargoyle Fighter on May 28, 2023.
             Was an Elder of the Shining One.
             Slain by a 16-headed hydra (4 damage)
             ... on level 5 of the Lair of Beasts.
             The game lasted 00:25:47 (12611 turns).

CInkIbrahim the Severer (Gargoyle Fighter)         Turns: 12611, Time: 00:25:48

Health: -3/76      AC: 28    Str: 25    XL:     13   Next: 61%
Magic:  17/17      EV: 15    Int:  9    God:    the Shining One [****..]
Gold:   566        SH:  5    Dex: 12    Spells: 12/12 levels left

rFire   . . .        a - +7 consecrated labrys {holy, Valiant Fragile Fly SInv}
rCold   . . .        c - +0 buckler
rNeg    + + +        F - +3 ring mail
rPois   ∞            b - +2 helmet
rElec   +            E - +2 cloak
rCorr   .            (no gloves)
SInv    +            e - +1 pair of boots of the Arcane {Dex+3}
Will    +....        n - amulet of the acrobat
Stlth   +            R - +5 ring of evasion
HPRegen 0.32/turn    r - ring of willpower
MPRegen 0.15/turn

%: acrobat
@: flying, glowing, studying Summonings
A: sickness immunity, AC +9, negative energy resistance 1, electricity
resistance, torment resistance 1, petrification resistance
a: Renounce Religion, Divine Shield, Cleansing Flame


You were on level 5 of the Lair of Beasts.
You worshipped the Shining One.
The Shining One was greatly pleased with you.
You visited 3 branches of the dungeon, and saw 15 of its levels.
You also visited: Bailey.

You collected 1021 gold pieces.
You spent 455 gold pieces at shops.

Inventory:

Hand Weapons
 a - the +7 consecrated labrys (weapon) {holy, Valiant Fragile Fly SInv}
   (You found it on level 2 of the Dungeon)

   Valiant:   It becomes more powerful as more dangerous foes come into view.
   SInv:      It lets you see invisible.
   Fly:       It grants you flight.
   Fragile:   It will be destroyed if unequipped.
 o - a +2 vampiric executioner's axe
Missiles
 G - 37 poisoned darts (quivered)
 H - 6 curare-tipped darts
 S - 6 atropa-tipped darts
Armour
 b - a +2 helmet (worn)
 c - a +0 buckler (worn)
 e - the +1 pair of boots of the Arcane (worn) {Dex+3}
   (You acquired it in a bailey)

   Dex:       It affects your dexterity (+3).
 j - a +1 robe of fire resistance
 E - a +2 cloak (worn)
 F - a +3 ring mail (worn)
 W - a +2 hat of see invisible
 Z - a +1 robe of cold resistance
Jewellery
 n - an amulet of the acrobat (around neck)
 r - a ring of willpower (right hand)
 v - a ring of flight
 A - the amulet of Elemental Vulnerability {rPois rF-- rC-- AC+8}
   (You found it on level 2 of the Lair of Beasts)

   [amulet of nothing]

   AC:        It affects your AC (+8).
   rF:        It makes you very vulnerable to fire.
   rC:        It makes you very vulnerable to cold.
   rPois:     It protects you from poison.
 R - a +5 ring of evasion (left hand)
 V - a +4 ring of protection
 Y - a ring of ice
Wands
 g - a wand of flame (14)
 t - a wand of light (5)
 y - a wand of polymorph (7)
 J - a wand of mindburst (22)
 O - a wand of iceblast (17)
Scrolls
 f - 3 scrolls of fog
 h - 2 scrolls of identify
 i - a scroll of blinking
 k - 2 scrolls of silence
 m - 6 scrolls of noise
 p - 2 scrolls of vulnerability
 D - a scroll of teleportation
 L - a scroll of poison
 M - 2 scrolls of amnesia
 P - 2 scrolls of enchant weapon
 Q - 4 scrolls of enchant armour
 T - 3 scrolls of fear
Potions
 d - 3 potions of might
 l - 8 potions of curing
 q - 4 potions of heal wounds
 s - a potion of cancellation
 w - a potion of attraction
 x - 3 potions of flight
 z - 5 potions of lignification
 C - 3 potions of ambrosia
 I - a potion of resistance
 K - 2 potions of magic
 N - 4 potions of haste
 U - a potion of mutation
Miscellaneous
 u - a box of beasts
 B - a lightning rod (4/4)


   Skills:
 + Level 7.0 Fighting
 - Level 18.0 Axes
 + Level 7.7 Armour
 + Level 7.0 Shields
 + Level 5.9 Invocations


You had 12 spell levels left.
You didn't know any spells.
Your spell library contained the following spells:

 Spells                   Type           Power      Damage    Failure   Level
 Shock                    Conj/Air       0%         1d3       56%         1
 Sting                    Tmut/Pois      0%         1d3       56%         1
 Summon Small Mammal      Summ           0%         N/A       56%         1
 Ensorcelled Hibernation  Hex/Ice        0%         N/A       71%         2
 Poisonous Vapours        Pois/Air       0%         N/A       71%         2
 Call Canine Familiar     Summ           0%         N/A       90%         3
 Inner Flame              Hex/Fire       0%         N/A       90%         3
 Spider Form              Tmut/Pois      0%         N/A       90%         3
 Summon Guardian Golem    Hex/Summ       0%         N/A       90%         3
 Swiftness                Air            0%         N/A       90%         3
 Airstrike                Air            0%         2d(0-16)  100%        4
 Anguish                  Hex/Necr       0%         N/A       100%        4
 Flame Wave               Conj/Fire      0%         2d4       100%        4
 Olgreb's Toxic Radiance  Pois           0%         N/A       100%        4
 Sticky Flame             Conj/Fire      0%         2d3       100%        4
 Blade Hands              Tmut           0%         N/A       100%        5
 Irradiate                Conj/Tmut      0%         3d11      100%        5
 Yara's Violent Unravell  Hex/Tmut       0%         3d3       100%        5
 Dragon Form              Tmut           0%         N/A       100%        7
 Enfeeble                 Hex            0%         N/A       100%        7


Dungeon Overview and Level Annotations

Branches:
Dungeon (9/15)             Temple (1/1) D:4            Lair (5/5) D:9
 Shoals (0/4) Lair:2       Spider (0/4) Lair:2        Slime (0/5) Lair:5
    Orc (0/2) D:9          Bailey (visited)

Altars:
Ashenzari
Cheibriados
Elyvilon
Fedhas
Gozag
Hepliaklqana
Kikubaaqudgha
Makhleb
Nemelex Xobeh
Okawaru
Qazlal
Ru
Sif Muna
Trog
Uskayaw
Vehumet
Wu Jian
Xom
Yredelemnul
Zin
The Shining One

Shops:
D:2 *   D:7 :

Annotations:
D:3 3 runed translucent doors, Kamelo's ghost, amateur GrEE; knightboat's ghost, amateur DrCj
D:7 2 transporters, Fractals's ghost, novice DECj
D:8 1 runed translucent door, Hubris850's ghost, journeyman DEHs
Lair:3 3 runed translucent doors, jfcaron's ghost, journeyman GnBr


Innate Abilities, Weirdness & Mutations

You are immune to sickness and miasma.
Your stone body is resilient. (AC +9)
You are immune to poison.
You resist negative energy. (rN+)
You are resistant to electric shocks. (rElec)
You are resistant to unholy torment.
You are immune to petrification.


Message History

The 14-headed hydra is almost dead.
You hit the hell rat.
The hell rat convulses.
The 14-headed hydra closely misses you. The 14-headed hydra bites you.
* * * LOW HITPOINT WARNING * * *
The 14-headed hydra bites you but does no damage.
The 14-headed hydra barely misses you.
The 14-headed hydra bites you but does no damage. x2
The 14-headed hydra completely misses you.
You block the 14-headed hydra's attack. x2
The 14-headed hydra bites you but does no damage.
You block the 14-headed hydra's attack.
The 14-headed hydra bites you but does no damage.
The 14-headed hydra barely misses you.
The 14-headed hydra bites you but does no damage.
The hell rat barely misses you.
You lop one of the 14-headed hydra's heads off!
The 13-headed hydra grows two more!
You slash the 15-headed hydra!
The 15-headed hydra is almost dead.
You slash the hell rat!
You kill the hell rat!
The Shining One accepts your kill.
You feel better. The 15-headed hydra barely misses you.
You block the 15-headed hydra's attack. x2; The 15-headed hydra bites you!
* * * LOW HITPOINT WARNING * * *
The 15-headed hydra bites you.
* * * LOW HITPOINT WARNING * * *
The 15-headed hydra bites you but does no damage. x2
The 15-headed hydra completely misses you.
The 15-headed hydra bites you but does no damage.
The 15-headed hydra completely misses you.
The 15-headed hydra bites you but does no damage.
The 15-headed hydra closely misses you. x2; The 15-headed hydra bites you!
* * * LOW HITPOINT WARNING * * *
The 15-headed hydra misses you.
You lop one of the 15-headed hydra's heads off!
The 14-headed hydra grows two more!
You slash the 16-headed hydra!
The 16-headed hydra is almost dead.
A seven-headed hydra comes into view.
The 16-headed hydra misses you. The 16-headed hydra bites you.
You die...

,,,,,********,,,**#..........,,,,
,*,,,,,**,,,,,*,,*#..††..#.,,,,*,
,*,,,,,**,,,,,,,*##...##.#,,,,,,,
**,,,,,**,,,,,,*##....#*.#*,,,,,,
,,,,*,***,,,,,*##.....#*,#,,,,,,,
,,,*,** *,,,,**#......##,,,,*,,,,
,***** *****###....P..#,,,,*,,,,
****** **#####........#...,,,,,,,
***,,***,......†@..........,,*,,,
,,,,,,*,,...$#P.D........#.,,,,,,
,,,,,,,,,.............#..#,,*,,,,
,,,,,,,,,...rr....$...#..#,,*,,,,
,,,,,,,,*..............#..,,,,,,,
,,,,,,,,,#...#P.......##,,,,,*,,,
,,,,,,,,,D......P.....#*,,,,,,,,,
,,*,,,,,,#..#..........*,,*,,,,,,
,,,,,**,,~~,,,,,,,,,,,,,,,,,,,,*,


You could see a 16-headed hydra, a seven-headed hydra (wandering) and 2 hell
rats.

Vanquished Creatures
  Rupert (Lair:4)
  Gastronok (D:9)
  Fannar (Lair:1)
  A hydra (Lair:5)
  2 two-headed ogres (D:8)
  4 death yaks (Lair:3)
  Pikel (D:4)
  A manticore (Lair:2)
  5 elephants (Lair:2)
  Maurice (D:9)
  2 molten gargoyles (Lair:3)
  5 black mambas
  6 cane toads
  4 rime drakes
  4 komodo dragons
  Grinder (D:5)
  A wind drake (Lair:2)
  11 blink frogs
  6 dream sheep (Lair:5)
  Sigmund (D:4)
  Grum (D:9)
  17 yaks
  A steam dragon (D:8)
  A basilisk (Lair:2)
  Menkaure (D:7)
  An acid dragon (D:9)
  9 water moccasins
  A black bear (D:5)
  21 orc warriors
  2 ice beasts (D:5)
  A sky beast (D:7)
  12 wolves
  An ogre (D:5)
  12 centaurs
  2 phantoms
  8 kobold brigands
  Blork the orc (D:4)
  7 scorpions
  9 bullfrogs
  3 wights (D:7)
  10 howler monkeys
  5 lava snakes (Lair:3)
  A quasit (D:6)
  2 jellies
  7 hounds
  A gnoll bouda (D:6)
  9 orc priests
  A sleepcap (D:5)
  2 iguanas
  A hell rat (Lair:5)
  12 orc wizards
  A mummy (D:6)
  15 gnolls
  5 adders
  A white imp (D:6)
  An ufetubus (D:6)
  4 worms
  A dart slug (D:3)
  72 orcs
  7 endoplasms
  8 giant cockroaches
  7 goblins
  8 hobgoblins
  14 jackals
  7 quokkas
  7 ball pythons
  5 bats
  4 frilled lizards
  2 goblin skeletons (D:6)
  2 goblin zombies (D:6)
  2 hobgoblin zombies (D:6)
  66 kobolds
  2 kobold zombies (D:6)
  An orc skeleton (D:6)
  2 orc zombies (D:6)
  A rat (D:3)
466 creatures vanquished.

Vanquished Creatures (others)
  An orc (Bailey)
1 creature vanquished.

Grand Total: 467 creatures vanquished

Notes
Turn   | Place    | Note
-------+----------+-------------------------------------------
     0 | D:1      | CInkIbrahim the Gargoyle Fighter began the quest for the
                  | Orb.
     0 | D:1      | Reached XP level 1. HP: 14/14 MP: 1/1
    78 | D:1      | Reached skill level 2 in Axes
    83 | D:1      | Reached XP level 2. HP: 13/19 MP: 2/2
    90 | D:1      | Found a faded altar of an unknown god.
   252 | D:1      | Reached skill level 3 in Axes
   256 | D:1      | Reached XP level 3. HP: 22/23 MP: 3/3
   476 | D:2      | Found the +4 consecrated labrys {holy, Valiant Fragile Fly
                  | SInv}
   496 | D:2      | Found Liezacik's General Store.
   589 | D:2      | Reached XP level 4. HP: 22/28 MP: 4/4
   784 | D:2      | Reached skill level 4 in Axes
  1060 | D:2      | Found a hide-covered altar of Uskayaw.
  1110 | D:2      | Bought a potion of heal wounds for 65 gold pieces
  1274 | D:3      | Found a runed translucent gate.
  1275 | D:3      | Found a runed translucent gate.
  1276 | D:3      | Found a runed translucent gate.
  1277 | D:3      | Noticed knightboat's ghost (amateur DrCj)
  1278 | D:3      | Noticed Kamelo's ghost (amateur GrEE)
  1333 | D:3      | Reached XP level 5. HP: 32/32 MP: 5/5
  1377 | D:3      | Found a radiant altar of Vehumet.
  1712 | D:3      | Reached skill level 5 in Axes
  2136 | D:3      | Noticed a kobold brigand
  2146 | D:3      | Reached XP level 6. HP: 26/37 MP: 6/6
  2149 | D:3      | Reached skill level 6 in Axes
  2368 | D:3      | Reached XP level 7. HP: 31/41 MP: 7/7
  2446 | D:3      | Reached skill level 7 in Axes
  2913 | D:4      | Found a staircase to the Ecumenical Temple.
  2929 | Temple   | Entered the Ecumenical Temple
  3337 | D:4      | Noticed Sigmund
  3344 | D:4      | Killed Sigmund
  3345 | D:4      | Reached skill level 8 in Axes
  3404 | D:4      | Noticed Blork the orc
  3405 | D:4      | Noticed Pikel
  3410 | D:4      | Killed Blork the orc
  3411 | D:4      | Reached XP level 8. HP: 45/46 MP: 8/8
  3420 | D:4      | Killed Pikel
  3421 | D:4      | Reached skill level 9 in Axes
  3635 | D:5      | Entered Level 5 of the Dungeon
  3635 | D:5      | Noticed Grinder
  3642 | D:5      | Killed Grinder
  3643 | D:5      | Reached skill level 10 in Axes
  3651 | D:5      | Reached XP level 9. HP: 51/51 MP: 9/9
  3846 | D:5      | Reached skill level 11 in Axes
  4326 | D:2      | Bought a potion of invisibility for 104 gold pieces
  4326 | D:2      | Bought a scroll of identify for 26 gold pieces
  4478 | D:6      | Found a glowing golden altar of the Shining One.
  4487 | D:6      | Became a worshipper of the Shining One
  4711 | D:6      | Reached skill level 12 in Axes
  4711 | D:6      | You are sucked into a shaft and drop 1 floor!
  4759 | D:7      | Noticed Menkaure
  4766 | D:7      | Killed Menkaure
  4830 | D:7      | Reached * piety under the Shining One
  4870 | D:7      | Reached XP level 10. HP: 56/56 MP: 10/10
  5144 | D:7      | Noticed a moth of wrath
  5145 | D:7      | Noticed a two-headed ogre
  5146 | D:7      | Found a bloodstained altar of Trog.
  5150 | D:7      | Found a transporter.
  5156 | D:7      | Noticed Fractals's ghost (novice DECj)
  5160 | D:7      | Found a transporter.
  5186 | D:7      | Found a stormy altar of Qazlal.
  5208 | D:7      | Reached ** piety under the Shining One
  5403 | D:7      | Found Guomp's Book Boutique.
  5562 | D:8      | Reached skill level 13 in Axes
  5594 | D:8      | Found a flagged portal.
  5623 | Bailey   | Entered a bailey
  5686 | Bailey   | Identified a scroll of acquirement
  5686 | Bailey   | Acquired the +1 pair of boots of the Arcane {Dex+3}
  5958 | Bailey   | Reached skill level 14 in Axes
  6586 | D:8      | Found a runed translucent door.
  6586 | D:8      | Noticed Hubris850's ghost (journeyman DEHs)
  6587 | D:8      | Identified the +2 spear of the Ghost {drain, Fragile rC+++
                  | Int+5}
  6738 | D:8      | Noticed a two-headed ogre
  6746 | D:8      | Reached XP level 11. HP: 49/60 MP: 11/11
  6747 | D:8      | Killed a two-headed ogre
  6748 | D:8      | Reached skill level 15 in Axes
  6748 | D:8      | Noticed a two-headed ogre
  6755 | D:8      | Killed a two-headed ogre
  7219 | D:2      | Bought 2 potions of haste for 260 gold pieces
  7452 | D:9      | Noticed Maurice
  7454 | D:9      | Found a sacrificial altar of Ru.
  7465 | D:9      | Noticed Grum
  7470 | D:9      | Killed Maurice
  7475 | D:9      | Killed Grum
  7582 | D:9      | Noticed Gastronok
  7598 | D:9      | Killed Gastronok
  7599 | D:9      | Reached skill level 16 in Axes
  7848 | D:9      | Found a staircase to the Orcish Mines.
  7916 | D:9      | Found a snail-covered altar of Cheibriados.
  7953 | D:9      | Found a staircase to the Lair.
  7991 | D:9      | Found a shimmering blue altar of Sif Muna.
  7991 | D:9      | Found a blossoming altar of Fedhas.
  8000 | D:9      | Found a sparkling altar of Nemelex Xobeh.
  8004 | D:9      | Found a white marble altar of Elyvilon.
  8006 | D:9      | Found a faded altar of an unknown god.
  8237 | Lair:1   | Entered Level 1 of the Lair of Beasts
  8276 | Lair:1   | Reached *** piety under the Shining One
  8340 | Lair:1   | Reached XP level 12. HP: 62/64 MP: 12/12
  8350 | Lair:1   | Reached skill level 1 in Invocations
  8374 | Lair:1   | Noticed Fannar
  8389 | Lair:1   | Killed Fannar
  8390 | Lair:1   | Reached skill level 17 in Axes
  8390 | Lair:1   | Reached skill level 5 in Armour
  9015 | Lair:2   | Found a hole to the Spider Nest.
  9340 | Lair:2   | Found the amulet of Elemental Vulnerability {rPois rF--
                  | rC-- AC+8}
  9653 | Lair:2   | Found a staircase to the Shoals.
  9806 | Lair:2   | Reached skill level 5 in Shields
  9838 | Lair:2   | Reached skill level 5 in Fighting
 10711 | Lair:3   | Noticed a death yak
 10711 | Lair:3   | Noticed a death yak
 10712 | Lair:3   | Noticed a death yak
 10712 | Lair:3   | Noticed a death yak
 10720 | Lair:3   | Killed a death yak
 10721 | Lair:3   | Reached XP level 13. HP: 73/73 MP: 16/16
 10953 | Lair:3   | Found a runed translucent gate.
 10953 | Lair:3   | Found a runed translucent gate.
 10953 | Lair:3   | Found a runed translucent gate.
 10953 | Lair:3   | Noticed jfcaron's ghost (journeyman GnBr)
 11391 | Lair:3   | Reached skill level 5 in Invocations
 11762 | Lair:4   | Noticed Rupert
 11771 | Lair:4   | Killed Rupert
 11772 | Lair:4   | Reached skill level 18 in Axes
 12126 | Lair:4   | Found the +16 obsidian axe {drain, demonic, Mesm Drain Fly
                  | SInv}
 12475 | Lair:5   | Entered Level 5 of the Lair of Beasts
 12529 | Lair:5   | Reached **** piety under the Shining One
 12610 | Lair:5   | HP: 1/76 [15-headed hydra (9)]
 12611 | Lair:5   | Slain by a 16-headed hydra

Illustrated notes

Levels and vault maps discovered:
D:1:      dpeg_arrival_arbitrary_a, layout_rooms, ebering_ecumenical_altar_box,
          minmay_worlds_worst_comb
D:2:      layout_loops_ring, serial_shops, shop, basic_altar
D:3:      minmay_goblin_kobold_castle, layout_loops_ring, amcnicky_altar_gilded,
          gammafunk_ghost_cemetery, dk_vineyard_3, minmay_circle_x
D:4:      layout_loops_ring, minmay_temple_entry_junction, uniq_blork_the_orc,
          uniq_sigmund, uniq_pikel
D:5:      layout_cave_pools, columned_hall_lemuel, uniq_grinder
D:6:      layout_rooms, nicolae_tso_besieged_by_evil, minmay_mini_ossuary
D:7:      layout_basic, mainiacjoe_overflow_cross_hatched,
          gammafunk_ghost_wrathful_warriors, serial_shops,
          nicolae_shop_statue_plus, uniq_menkaure
D:8:      layout_cave_pools, ebering_ghost_funeral_grove, enter_bailey_2,
          minmay_manual_maat
D:9:      layout_roguey, slow_altar_2, nicolae_ru_awakened_eye,
          chequers_temple_overflow_minitemple, david_lair_shrubbed, david_orc_3,
          uniq_gastronok, uniq_maurice, uniq_grum, uniq_prince_ribbit1
Temple:   nicolae_temple_slightly_damp_pantheon
Lair:1:   layout_regular_city, patterned_corridor, uniq_fannar
Lair:2:   layout_hall_layers, minmay_shoals_entry_beasts,
          nicolae_spider_entry_non_spiders, chequers_serial_rivers_micro_b
Lair:3:   cheibrodos_magma_flow, layout_small_grid, ebering_ghost_rock_garden,
          lemuel_fruit_tree, grunt_megastairs_5
Lair:4:   layout_gridlike, dreamdust_deal_with_the_devil, uniq_rupert
Lair:5:   hangedman_lair_in_review, layout_long_grid,
          minmay_slime_entry_oklob_open, nicolae_volcano_entry_lava_flow,
          st_stairs_7, infiniplex_staircase_pool_2

Skill      XL: |  1  2  3  4  5  6  7  8  9 10 11 12 13 |
---------------+----------------------------------------+-----
Axes           | 2 3 4 5 6 8 10 12 14 16 17 18 | 18.0
Armour         | 4 6 7 |  7.7
Invocations    | 4 5 |  5.9
Fighting       | 5 7 |  7.0
Shields        | 5 7 |  7.0

Action                     |  1- 3 |  4- 6 |  7- 9 | 10-12 | 13-15 || total
---------------------------+-------+-------+-------+-------+-------++-------
  Melee: War axe           |    47 |       |       |       |       ||    47
         Labrys            |     4 |   125 |   240 |   475 |   118 ||   962
 Invoke: Divine Shield     |       |       |       |       |     1 ||     1
  Evoke: Wand              |       |       |       |       |     3 ||     3
    Use: Scroll            |     2 |       |     9 |    13 |     4 ||    28
         Potion            |       |       |       |     4 |     2 ||     6
 Armour: Scale mail        |    41 |    36 |       |       |       ||    77
         Ring mail         |       |    38 |   101 |   174 |    78 ||   391
  Dodge: Dodged            |    35 |    67 |   114 |   393 |    85 ||   694
  Block: Buckler           |    21 |    22 |    36 |    93 |    37 ||   209
